 Dungeon Crawl Stone Soup version 0.28-a0-233-gb8ca4b6547 (webtiles) character file.

Game seed: 7265741144926831212

1871 graki42 the Magician (level 8, -8/52 HPs)
             Began as a Mummy Fire Elementalist on Aug 21, 2021.
             Was an Initiate of Vehumet.
             Engulfed by a steam dragon's steam (13 damage)
             ... on level 8 of the Dungeon on Aug 22, 2021.
             The game lasted 00:29:14 (9257 turns).

graki42 the Magician (Mummy Fire Elementalist)      Turns: 9257, Time: 00:29:15

Health: -8/52      AC:  2    Str: 11    XL:     8   Next: 90%
Magic:  10/19      EV: 12    Int: 16    God:    Vehumet [......]
Gold:   476        SH:  0    Dex: 19    Spells: 5/21 levels left

rFire   x . .      SeeInvis .   d - staff of conjuration
rCold   + + .      Faith    .   (no shield)
rNeg    + + +      Spirit   .   a - +0 robe
rPois   ∞          Reflect  .   (no helmet)
rElec   .          Harm     .   (no cloak)
rCorr   .          Rampage  .   (no gloves)
Will    +....                   (no boots)
Stlth   ++........              (no amulet)
HPRegen 0.17/turn               h - +6 ring of dexterity
MPRegen 0.16/turn               l - ring of protection from cold

@: no status effects
A: cold resistance 1, negative energy resistance 3, torment resistance 2, heat
vulnerability 1, no potions
a: Renounce Religion


You were on level 8 of the Dungeon.
You worshipped Vehumet.
Vehumet was noncommittal.
You visited 2 branches of the dungeon, and saw 9 of its levels.

You collected 476 gold pieces.

Inventory:

Armour
 a - a +0 robe (worn)
Magical Staves
 c - a staff of air
 d - a staff of conjuration (weapon)
Jewellery
 h - a +6 ring of dexterity (left hand)
 l - a ring of protection from cold (right hand)
Wands
 f - a wand of acid (6)
 m - a wand of iceblast (8)
Scrolls
 b - 3 scrolls of identify
 e - a scroll of enchant armour
 g - 2 scrolls of fog
 i - a scroll of vulnerability
 j - a scroll of teleportation
 k - a scroll of fear
 n - a scroll of blinking {unknown}


   Skills:
 - Level 2.0 Dodging
 - Level 2.0 Stealth
 + Level 7.4 Spellcasting
 + Level 4.7 Conjurations
 + Level 4.8 Hexes
 + Level 5.3 Fire Magic


You had 5 spell levels left.
You knew the following spells:

 Your Spells              Type           Power      Damage    Failure   Level
a - Foxfire               Conj/Fire      100%       2x1d9     1%          1
b - Conjure Flame         Conj/Fire      33%        6-21      4%          3
c - Inner Flame           Hex/Fire       22%        N/A       4%          3
d - Sticky Flame          Conj/Fire      33%        2d5       16%         4
e - Fireball              Conj/Fire      16%        3d8       38%         5

Your spell library contained the following spells:

 Spells                   Type           Power      Damage    Failure   Level
 Dazzling Flash           Conj/Hex       62%        N/A       4%          3
 Apportation              Tloc           10%        N/A       12%         1
 Summon Small Mammal      Summ           20%        N/A       12%         1
 Summon Guardian Golem    Hex/Summ       13%        N/A       13%         3
 Mephitic Cloud           Conj/Pois/Air  16%        N/A       19%         3
 Call Canine Familiar     Summ           5%         N/A       34%         3
 Airstrike                Air            2%         N/A       75%         4
 Petrify                  Tmut/Erth      5%         N/A       75%         4
 Irradiate                Conj/Tmut      10%        3d16      77%         5
 Silence                  Hex/Air        6%         N/A       77%         5
 Agony                    Necr           5%         N/A       97%         5
 Manifold Assault         Tloc           5%         N/A       97%         5
 Summon Forest            Summ/Tloc      2%         N/A       97%         5
 Sublimation of Blood     Necr           Unusable   N/A       N/A         2

Dungeon Overview and Level Annotations

Branches:
Dungeon (8/15)             Temple (1/1) D:7
   Lair: D:8-11

Altars:
Ashenzari
Cheibriados
Dithmenos
Elyvilon
Fedhas
Gozag
Hepliaklqana
Kikubaaqudgha
Makhleb
Nemelex Xobeh
Okawaru
Qazlal
Ru
Sif Muna
Trog
Uskayaw
Vehumet
Wu Jian
Xom
Yredelemnul
Zin
The Shining One

Shops:
D:3 !


Innate Abilities, Weirdness & Mutations

You are immune to poison.
Your flesh is cold resistant. (rC+)
You are immune to negative energy. (rN+++)
You are immune to unholy pain and torment.
You are vulnerable to heat. (rF-)
You do not drink.


Message History

The spell is quite dangerous to cast (16% risk of failure)!
Continue anyway?
Okay, then.
Casting: Sticky Flame (quite dangerous; 16% risk of failure)
Confirm with . or Enter, or press ? or * to list all spells.
The spell is quite dangerous to cast (16% risk of failure)!
Continue anyway?
Aiming: Sticky Flame (quite dangerous; 16% risk of failure)
Press: ? - help, Shift-Dir - straight line, f - centaur
Aim: a centaur, quivering arrows (100% to hit)
You feel a surge of power!
The sticky flame hits the centaur.
The centaur is moderately wounded.
The centaur is covered in liquid flames!
The centaur burns!
The centaur hits you but does no damage.
The centaur closely misses you. The centaur hits you. The centaur kicks you.
You hit the centaur.
The centaur is moderately wounded.
The centaur burns!
The centaur barely misses you. The centaur closely misses you.
You hit the centaur.
The centaur is severely wounded.
The centaur burns!
You kill the centaur!
Vehumet accepts your kill.
Casting: Sticky Flame (quite dangerous; 16% risk of failure)
Confirm with . or Enter, or press ? or * to list all spells.
The spell is quite dangerous to cast (16% risk of failure)!
Continue anyway?
Aiming: Sticky Flame (quite dangerous; 16% risk of failure)
Press: ? - help, Shift-Dir - straight line, f - steam dragon
Aim: a steam dragon (100% to hit)
You feel a surge of power!
The sticky flame hits the steam dragon but does no damage.
The steam dragon is covered in liquid flames!
The steam dragon burns!
The steam dragon breathes steam at you. The ball of steam hits you!!
The steam scalds you terribly!
Ouch! That really hurt!
* * * LOW HITPOINT WARNING * * *
Unknown command.
You are engulfed in a cloud of scalding steam.
You die...

########
##...#..##
.c.......#
..D......#
.......<######
.........D§@§##
###.########..#
.. #..#### .
#..##.##
#......#
#<.....#
#......#####
#######....#
#)...#


You could see a steam dragon (burning, catching breath).

Vanquished Creatures
  Duvessa (D:5)
  A water moccasin (D:6)
  A sky beast (D:8)
  2 black bears (D:5)
  An ice beast (D:5)
  2 centaurs
  2 kobold brigands (D:7)
  3 scorpions
  Dowan (D:5)
  A water moccasin zombie (D:5)
  A killer bee (D:8)
  2 centaur zombies
  An orc priest (D:4)
  A hound (D:5)
  A centaur skeleton (D:4)
  2 gnoll shamans (D:7)
  A jelly (D:4)
  A bullfrog skeleton (D:5)
  Jessica (D:3)
  2 iguanas
  A howler monkey skeleton (D:7)
  4 adders
  13 gnolls
  3 river rats (D:5)
  2 white imps (D:7)
  An ufetubus (D:4)
  2 adder skeletons (D:4)
  2 worms
  2 dart slugs
  8 orcs
  7 endoplasms
  5 giant cockroaches
  8 goblins
  7 hobgoblins
  4 quokkas
  6 ball pythons
  6 bats
  6 frilled lizards
  15 kobolds
  13 rats
143 creatures vanquished.

Vanquished Creatures (others)
  507 foxfires
507 creatures vanquished.

Grand Total: 650 creatures vanquished

Notes
Turn   | Place    | Note
-------+----------+-------------------------------------------
     0 | D:1      | graki42 the Mummy Fire Elementalist began the quest for the
                  | Orb.
     0 | D:1      | Reached XP level 1. HP: 13/13 MP: 4/4
   182 | D:1      | Upgraded the game from 0.28-a0-224-g76b539d98b to
                  | 0.28-a0-233-gb8ca4b6547
   342 | D:1      | Reached skill level 1 in Conjurations
   375 | D:1      | Reached XP level 2. HP: 19/19 MP: 2/5
   801 | D:2      | Reached skill level 3 in Spellcasting
   968 | D:2      | Reached XP level 3. HP: 24/24 MP: 2/7
  1030 | D:2      | Learned a level 3 spell: Conjure Flame
  1034 | D:2      | Learned a level 3 spell: Inner Flame
  1869 | D:3      | Found Ligem's Distillery.
  2079 | D:3      | Noticed Jessica
  2090 | D:3      | Killed Jessica
  2091 | D:3      | Reached XP level 4. HP: 30/30 MP: 4/9
  2458 | D:3      | Reached skill level 1 in Hexes
  3244 | D:4      | Reached skill level 4 in Spellcasting
  3244 | D:4      | Reached XP level 5. HP: 35/35 MP: 5/11
  3419 | D:4      | Identified the +1 ring mail of Odiuniti {SInv}
  3940 | D:4      | Reached XP level 6. HP: 41/41 MP: 5/12
  4024 | D:4      | Learned a level 4 spell: Sticky Flame
  4337 | D:5      | Entered Level 5 of the Dungeon
  4932 | D:5      | Noticed an ice beast
  4941 | D:5      | Killed an ice beast
  4942 | D:5      | Reached skill level 5 in Spellcasting
  4942 | D:5      | Reached XP level 7. HP: 46/46 MP: 7/14
  5346 | D:5      | Noticed Dowan
  5351 | D:5      | Noticed Duvessa
  6437 | D:6      | Reached skill level 6 in Spellcasting
  6807 | D:6      | Reached XP level 8. HP: 46/52 MP: 10/17
  7354 | D:5      | Killed Duvessa
  7357 | D:5      | Killed Dowan
  7698 | D:7      | Learned a level 5 spell: Fireball
  7711 | D:7      | Reached skill level 5 in Fire Magic
  7811 | D:7      | Found a staircase to the Ecumenical Temple.
  7878 | D:7      | Found a shimmering blue altar of Sif Muna.
  7995 | D:7      | Got the Compendium of the Spatial Birds
  8174 | D:7      | Reached skill level 7 in Spellcasting
  8950 | Temple   | Entered the Ecumenical Temple
  8969 | Temple   | Became a worshipper of Vehumet
  9257 | D:8      | Engulfed by a steam dragon's steam

Illustrated notes

Levels and vault maps discovered:
D:1:      lightli_molten_gateway, layout_rooms
D:2:      layout_basic
D:3:      layout_loops_ring, serial_shops, shop, due_unseen_surprise,
          uniq_jessica
D:4:      minmay_angry_zag, layout_loops_cross, chequers_serial_rivers_micro_b,
          moated_statue, palyth_stone_intersect, kennysheep_cross_room,
          grunt_ministairs_1
D:5:      layout_rooms, gup_sewer_entry_spiral, uniq_duvessa
D:6:      layout_loops_ring
D:7:      layout_loops_cross, general_overflow_altar,
          minmay_temple_entry_purple_smoke, nicolae_underground_beach
D:8:      nzn_winding_woodlands_cross [nzn_winding_woodlands_5x15_parted,
          nzn_winding_woodlands_5x15_sawtooth,
          nzn_winding_woodlands_5x15_garden, nzn_winding_woodlands_5x15_eye,
          nzn_winding_woodlands_15x15_thick_spiral], layout_cave_pools,
          dpeg_lair_monsters, serial_shops, nicolae_shop_stone,
          kennysheep_little_box, nicolae_lakefront_shop, kennysheep_mini_moat,
          nicolae_shop_crystal
Temple:   roderic_octagonal_lattice_temple

Skill      XL: |  1  2  3  4  5  6  7  8 |
---------------+-------------------------+-----
Conjurations   | 1 2 3 4 |  4.7
Spellcasting   | 3 4 5 6 7 |  7.4
Stealth        | 2 |  2.0
Dodging        | 2 |  2.0
Hexes          | 1 2 3 4 |  4.8
Fire Magic     | 3 4 5 |  5.3

Action                   |  1- 3 |  4- 6 |  7- 9 || total
-------------------------+-------+-------+-------++-------
Melee: Unarmed           |     2 |       |       ||     2
       Staff             |     5 |    12 |    19 ||    36
 Cast: Foxfire           |    71 |   112 |   129 ||   312
       Conjure Flame     |       |     1 |     2 ||     3
       Sticky Flame      |       |       |    12 ||    12
       Inner Flame       |       |       |     1 ||     1
Evoke: Wand              |       |       |     1 ||     1
  Use: Scroll            |       |     5 |     2 ||     7
 Stab: Sleeping          |       |       |     1 ||     1
Armor: Robe              |     3 |     9 |    11 ||    23
Dodge: Dodged            |    16 |    45 |    65 ||   126

Table legend: (Time is in decaauts)
 A = Elapsed time spent in this place.
 B = Non-inter-level travel time spent in this place.
 C = Inter-level travel time spent in this place.
 D = Time resting spent in this place.
 E = Time spent auto-exploring this place.
 F = Levels seen in this place.
 G = Mean time per level.
                   A        B        C        D        E       F      G
               +--------+--------+--------+--------+--------+-----+--------+
         Total |   9337 |   8979 |    358 |   2200 |   5286 |   9 | 1037.4 |
       Dungeon |   9061 |   8726 |    335 |   2200 |   5061 |   8 | 1132.6 |
        Temple |    275 |    252 |     23 |      0 |    225 |   1 |  275.0 |
               +--------+--------+--------+--------+--------+-----+--------+

Top non-repeatable levels by time:
     D:4: 1836 daAuts
     D:6: 1476 daAuts
     D:5: 1373 daAuts
     D:7: 1347 daAuts
     D:3: 1198 daAuts
     D:2: 1008 daAuts
     D:1: 701 daAuts
  Temple: 275 daAuts
     D:8: 119 daAuts
